AoeStats
← nathano1927

Arabia

507136647Analyzed
1v1 RM · 15d ago on Sep 16, 2026· 27m 32s· 2 players
Game mode
Random Map
Map size
Tiny (2 player)
Population
200
Speed
Normal
Resources
Standard
Victory
Conquest
Starting age
Dark Age
Ending age
Imperial Age
RankedLock teamsTeams togetherTeam positionsShared explorationLock speedFull tech treeHidden civsTurbo modeCheats
Victory
Defeat
🇦🇷 Burgundians · Argentina
878
+17
🇺🇸 Celts · United States
890
-20
Uru277ww
1:06 Loom
6:16 Double-Bit Axe
10:52 Feudal Age
11:22 Wheelbarrow
10:48 Horse Collar
12:13 Gold Mining
21:46 Castle Age
20:27 Padded Archer Armor
21:31 Bow Saw
22:00 Fletching
21:50 Crossbowman
25:12 Heavy Plow
24:38 Cavalier
nathano1927
12:32 Feudal Age
13:04 Horse Collar
16:32 Double-Bit Axe
19:21 Fletching
22:14 Castle Age
20:03 Man-at-Arms
21:03 Scale Mail Armor
22:18 Forging
25:33 Elite Skirmisher
Connection lost

Rejoining the realm…

Still unreachable

The connection could not be restored.

Session expired

The server has moved on; the page needs a fresh start.